Map: Dusty Gorge

Players

PureLegacy - Winner!

  • Race: Terran Terran
  • Spawn Location: 9:00

ADOIFHlTLER - Winner!

  • Race: Terran Terran
  • League: Master
  • Spawn Location: 11:00

SANTACLAUS

  • Race: Zerg Zerg
  • Spawn Location: 3:00

IIIIIIIIIIII

  • Race: Protoss Protoss
  • League: Master
  • Spawn Location: 5:00

VOD

Have the link to the VOD?

Description

Time

  • Played on: Nov. 22, 2018, 11:07 a.m.
  • Length: 7:16
Show
View Real Time Build Order
Export as new Build Order

PureLegacy Terran - Winner!

Build Orders:  

Get SALT Encoding   

  12  0:01  SCV  
  13  0:14  SCV  
  14  0:18  Supply Depot  
  14  0:26  SCV  
  15  0:30  Refinery  
  15  0:40  SCV  
  16  0:46  Barracks  
  16  0:52  SCV  
  17  1:04  Barracks  
  17  1:17  Barracks  
  17  1:22  SCV  
  18  1:34  Reaper  
  19  1:41  Orbital Command  
  19  1:48  Refinery  
  19  1:52  Reaper  
  20  2:04  Supply Depot  
  20  2:06  Reaper  
  21  2:09  Reaper  
  22  2:16  SCV  
  23  2:25  Reaper  
  24  2:30  Supply Depot  
  24  2:31  SCV  
  25  2:38  Reaper  
  25  2:43  Reaper  
  27  2:53  SCV  
  27  2:57  Reaper  
  29  3:09  Command Center  
  29  3:17  Engineering Bay  
  29  3:18  Reaper  
  30  3:21  Reaper  
  30  3:25  SCV  
  32  3:31  Reaper  
  33  3:40  SCV  
  34  3:47  Terran Infantry Weapons Level 1  
  34  3:52  Reaper  
  35  4:01  Barracks, Reaper  
  36  4:05  Reaper  
  36  4:07  Barracks  
  37  4:10  SCV  
  37  4:22  SCV  
  37  4:23  Supply Depot  
  38  4:28  Orbital Command  
  38  4:32  Reaper  
  38  4:36  Reaper  
  40  4:38  Reaper  
  40  4:42  SCV  
  42  4:48  Refinery  
  42  4:53  Reaper  
  42  4:55  Reaper  
  44  5:03  Refinery, SCV  
  45  5:08  SCV  
  45  5:10  Reaper  
  45  5:11  Reaper  
  48  5:14  Reaper  
  48  5:18  SCV  
  50  5:32  Reaper x2  
  49  5:40  SCV x2  
  50  5:46  Reaper x2  
  49  5:53  SCV x2  
  49  5:54  Supply Depot  
  51  5:57  Reaper  
  52  6:04  Reaper x2  
  54  6:16  Supply Depot  
  54  6:17  Supply Depot, SCV  
  54  6:18  Reaper  
  56  6:22  Reaper  
  57  6:27  Barracks  
  57  6:28  Barracks  
  57  6:29  Reaper  
  58  6:36  Reaper x2  
  58  6:37  SCV x2  
  61  6:52  SCV x2  
Show
View Real Time Build Order
Export as new Build Order

ADOIFHlTLER Terran - Winner!

Build Orders: Cyclone Opening 

Get SALT Encoding   

  12  0:01  SCV  
  13  0:13  SCV  
  14  0:19  Supply Depot  
  14  0:25  SCV  
  15  0:30  Refinery  
  15  0:41  SCV  
  16  0:46  Barracks  
  16  0:53  SCV  
  17  1:05  SCV  
  18  1:18  SCV  
  19  1:35  Factory, Orbital Command  
  19  1:41  Barracks Tech Lab  
  19  1:45  Supply Depot  
  19  2:02  SCV  
  20  2:18  Command Center  
  20  2:19  SCV  
  21  2:24  Cyclone  
  21  2:29  Refinery  
  24  2:31  SCV  
  24  2:35  Supply Depot  
  25  2:43  SCV  
  26  2:56  Cyclone, SCV  
  30  3:08  SCV  
  31  3:14  Factory  
  31  3:17  Barracks Tech Lab  
  31  3:20  SCV  
  32  3:29  Refinery, Orbital Command  
  32  3:32  SCV  
  32  3:34  Mag-Field Accelerator  
  33  3:44  SCV  
  34  3:55  Cyclone  
  37  3:56  SCV  
  37  3:57  SCV  
  39  4:06  Cyclone  
  39  4:08  SCV  
  39  4:09  SCV  
  44  4:14  Supply Depot  
  44  4:20  SCV  
  44  4:21  SCV  
  46  4:27  Cyclone  
  49  4:32  SCV  
  49  4:33  SCV  
  49  4:35  Refinery  
  51  4:39  Cyclone  
  51  4:44  SCV  
  51  4:45  Factory, SCV  
  56  4:46  Supply Depot  
  56  4:57  SCV x2  
  56  4:58  Barracks Tech Lab  
  56  4:59  Cyclone  
  61  5:09  Supply Depot, SCV x2  
  61  5:12  Cyclone  
  66  5:21  SCV x2  
  68  5:31  Cyclone  
  68  5:33  SCV x2  
  73  5:39  Cyclone  
  76  5:43  Supply Depot  
  76  5:45  Supply Depot, SCV x2  
  78  6:05  Cyclone x2  
  78  6:11  Cyclone  
  81  6:14  Command Center  
  81  6:19  Barracks  
  81  6:27  SCV  
  81  6:28  SCV  
  83  6:34  Supply Depot  
  83  6:37  Cyclone x2, Supply Depot  
  86  6:45  SCV  
  86  6:59  SCV x2  
Show
View Real Time Build Order
Export as new Build Order

SANTACLAUS Zerg 

Build Orders: Pool First 

Get SALT Encoding   

  12  0:00  Drone  
  13  0:12  Overlord  
  13  0:17  Drone  
  14  0:31  Drone x2  
  14  0:35  Drone  
  17  0:47  Spawning Pool  
  17  0:49  Drone  
  17  0:56  Drone  
  18  1:02  Extractor  
  17  1:06  Drone  
  18  1:27  Hatchery  
  17  1:33  Queen  
  17  1:36  Zergling x4  
  21  1:41  Drone  
  22  1:49  Overlord  
  22  2:05  Metabolic Boost  
  22  2:09  Queen  
  22  2:14  Zergling x4  
  26  2:36  Zergling x4  
  28  2:40  Queen  
  30  2:46  Zergling x2  
  30  2:47  Zergling x6  
  34  2:55  Queen  
  36  3:10  Overlord  
  36  3:17  Lair  
  36  3:21  Overlord  
  36  3:27  Overlord  
  36  3:37  Overlord  
  36  3:46  Queen  
  37  4:21  Queen  
  39  4:24  Queen  
  39  4:28  Nydus Network  
  40  4:33  Overseer  
  40  4:39  Zergling x2  
  40  4:40  Zergling x6  
  44  4:48  Baneling Nest  
  43  4:55  Zergling x2  
  43  4:56  Zergling x2  
  45  5:12  Zergling x2  
  45  5:13  Zergling x6  
  49  5:36  Zergling x2  
  49  5:37  Zergling x4  
  52  5:52  Nydus Canal  
  52  6:00  Nydus Canal  
  52  6:09  Overlord x2  
  52  6:20  Overseer  
  52  6:25  Overlord  
  52  6:26  Overlord  
  52  6:37  Zergling x16  
  58  6:42  Nydus Canal  
  56  6:50  Zergling x4  
Show
View Real Time Build Order
Export as new Build Order

IIIIIIIIIIII Protoss 

Build Orders:  

Get SALT Encoding   

  12  0:01  Probe  
  13  0:13  Probe  
  14  0:21  Pylon  
  14  0:26  Probe  
  15  0:35  Probe  
  16  0:43  Gateway  
  16  0:44  Probe  
  17  0:50  Assimilator  
  17  0:54  Probe  
  18  1:03  Assimilator  
  18  1:06  Probe  
  19  1:18  Gateway, Probe  
  20  1:30  Probe  
  21  1:33  Cybernetics Core  
  21  1:35  Pylon  
  21  1:42  Probe  
  22  1:59  Stalker  
  22  2:01  Probe  
  23  2:12  Robotics Facility  
  23  2:13  Probe, Warp Gate  
  26  2:19  Stalker  
  28  2:27  Pylon  
  28  2:33  Stalker  
  30  2:39  Stalker  
  32  2:58  Immortal  
  36  3:06  Pylon  
  36  3:15  Gateway  
  36  3:24  Sentry  
  38  3:29  Immortal  
  42  3:47  Gateway  
  42  4:03  Immortal  
  42  4:05  Pylon  
  46  4:21  Pylon  
  46  4:26  Sentry  
  46  4:27  Sentry  
  50  4:37  Warp Prism  
  50  4:40  Stalker  
  54  4:51  Stalker  
  56  4:52  Zealot  
  56  4:58  Pylon  
  58  5:05  Stalker  
  60  5:13  Stalker  
  62  5:33  Stalker x2  
  66  5:53  Stalker x2  
  70  6:07  Observer  
  70  6:09  Stalker  
  70  6:10  Zealot  
  29  6:26  Zealot x2  
Tags
 
Add a new tag
Caveats
  • Supply blocks, unpowered buildings, or Contaminate may cause inaccurate times.
  • Supply counts are checked every 10 seconds.